[Event "ICC tourney 2315 (120 10)"]
[Site "Internet Chess Club"]
[Date "2021.01.16"]
[Round "1"]
[White "Onchis14"]
[Black "MysteryHunter"]
[Result "0-1"]
[ICCResult "White checkmated"]
[WhiteElo "1900"]
[BlackElo "1743"]
[Opening "Catalan: closed, 5.Nf3"]
[ECO "E06"]
[NIC "CA.04"]
[Time "11:04:06"]
[PlyCount "42"]
[TimeControl "7200+10"]

1. d4 Nf6 2. c4 e6 3. Nf3 d5 4. g3 Be7 5. Bg2 O-O 6. O-O c6 7. Nc3 Re8 8.
Ne5 Nbd7 9. f4 Qc7 10. g4 Nxe5 11. dxe5 Nd7 12. Be3 f6 13. Bd4 fxe5 14.
fxe5 Nxe5 15. cxd5 exd5 16. Rc1 Nxg4 17. Rf3 Qxh2+ 18. Kf1 Bg5 19. Bxg7 Be3
20. Ke1 Qh4+ 21. Kf1 Nh2# { White checkmated } 0-1

[Event "ICC tourney 2315 (120 10)"]
[Site "Internet Chess Club"]
[Date "2021.01.16"]
[Round "1"]
[White "gmcarebear999"]
[Black "helenasd"]
[Result "1-0"]
[ICCResult "Black checkmated"]
[WhiteElo "1834"]
[BlackElo "1633"]
[Opening "King's Indian: 6.Be2"]
[ECO "E91"]
[NIC "KI.19"]
[Time "11:04:12"]
[PlyCount "49"]
[TimeControl "7200+10"]

1. d4 Nf6 2. c4 g6 3. Nc3 Bg7 4. e4 d6 5. Nf3 O-O 6. Be2 Nc6 7. d5 Nb8 8.
O-O e6 9. h3 exd5 10. exd5 Nbd7 11. Be3 Re8 12. Qc2 Ne5 13. Nxe5 Rxe5 14.
Qd2 Bf5 15. Bd3 Bxd3 16. Qxd3 a6 17. Bd4 Re8 18. Rfe1 Qd7 19. Rab1 Re7 20.
Qf3 Rae8 21. Re3 Rxe3 22. fxe3 Qd8 23. Rf1 Nd7 24. Qxf7+ Kh8 25. Qxg7# {
Black checkmated } 1-0

[Event "ICC tourney 2315 (120 10)"]
[Site "Internet Chess Club"]
[Date "2021.01.16"]
[Round "1"]
[White "Goldenmaknae"]
[Black "VincentT2008"]
[Result "1/2-1/2"]
[ICCResult "Game drawn by mutual agreement"]
[WhiteElo "1891"]
[BlackElo "1726"]
[Opening "King's Indian: Larsen variation"]
[ECO "E90"]
[NIC "KI.21"]
[Time "11:04:21"]
[PlyCount "49"]
[TimeControl "7200+10"]

1. d4 Nf6 2. c4 g6 3. Nc3 Bg7 4. e4 d6 5. Nf3 O-O 6. Be3 e5 7. d5 Ng4 8.
Bd2 f5 9. h3 Nf6 10. Bd3 a5 11. Qc2 Na6 12. a3 Nc5 13. O-O fxe4 14. Nxe4
Nxd3 15. Qxd3 Bf5 16. Nfg5 h6 17. Nxf6+ Qxf6 18. Ne4 Qh4 19. f3 a4 20. Qe2
b6 21. Be1 Qe7 22. Rc1 Kh7 23. Bd2 Qh4 24. Qe3 Rf7 25. Be1 { Game drawn by
mutual agreement } 1/2-1/2

[Event "ICC tourney 2315 (120 10)"]
[Site "Internet Chess Club"]
[Date "2021.01.16"]
[Round "1"]
[White "FL2009"]
[Black "TheSuperKing"]
[Result "1-0"]
[ICCResult "Black resigns"]
[WhiteElo "1863"]
[BlackElo "1686"]
[Opening "Giuoco Piano: Anderssen variation"]
[ECO "C54"]
[NIC "IG.02"]
[Time "11:04:59"]
[PlyCount "67"]
[TimeControl "7200+10"]

1. e4 e5 2. Nf3 Nc6 3. Bc4 Bc5 4. c3 Nf6 5. d4 exd4 6. e5 d5 7. Bb5 Ne4 8.
cxd4 Bb4+ 9. Bd2 Nxd2 10. Nbxd2 O-O 11. Bxc6 bxc6 12. a3 Be7 13. Rc1 Qd7
14. O-O Ba6 15. Re1 Rfb8 16. b4 Bb5 17. e6 fxe6 18. Ne5 Qd6 19. a4 Bc4 20.
Ndxc4 dxc4 21. Rxc4 Rxb4 22. Rxb4 Qxb4 23. Nxc6 Qd6 24. Qb3 Qxc6 25. Rxe6
Qxe6 26. Qxe6+ Kf8 27. Qf5+ Bf6 28. Qc5+ Be7 29. Qxc7 a5 30. d5 Bb4 31. d6
Re8 32. g3 Re1+ 33. Kg2 Bxd6 34. Qxd6+ { Black resigns } 1-0

[Event "ICC tourney 2315 (120 10)"]
[Site "Internet Chess Club"]
[Date "2021.01.16"]
[Round "1"]
[White "chessisthebest1"]
[Black "mnm2"]
[Result "1-0"]
[ICCResult "Black resigns"]
[WhiteElo "1812"]
[BlackElo "1526"]
[Opening "Sicilian: Richter-Rauzer, Rauzer attack, 7...Be7"]
[ECO "B63"]
[NIC "SI.28"]
[Time "11:04:31"]
[PlyCount "49"]
[TimeControl "7200+10"]

1. e4 c5 2. Nf3 d6 3. d4 cxd4 4. Nxd4 Nf6 5. Nc3 Nc6 6. Bg5 e6 7. Qd2 Be7
8. O-O-O O-O 9. Nb3 a5 10. Bxf6 Bxf6 11. Qxd6 Qb6 12. Qc5 Qc7 13. a4 Be7
14. Qe3 Bd6 15. Nb5 Qe7 16. Nxd6 Nb4 17. Bb5 Rd8 18. Nc4 Bd7 19. Bxd7 Rxd7
20. Rxd7 Qxd7 21. Nb6 Qe8 22. Nxa8 Qxa8 23. Rd1 Qc8 24. Qc5 Qxc5 25. Nxc5 {
Black resigns } 1-0

[Event "ICC tourney 2315 (120 10)"]
[Site "Internet Chess Club"]
[Date "2021.01.16"]
[Round "1"]
[White "Ethan719"]
[Black "aauman"]
[Result "1-0"]
[ICCResult "Black resigns"]
[WhiteElo "1826"]
[BlackElo "1534"]
[Opening "QGD semi-Slav: Stoltz variation"]
[ECO "D45"]
[NIC "SL.08"]
[Time "11:04:25"]
[PlyCount "41"]
[TimeControl "7200+10"]

1. d4 d5 2. c4 c6 3. Nf3 Nf6 4. Nc3 e6 5. e3 Nbd7 6. Qc2 Bd6 7. Bd3 dxc4 8.
Bxc4 b5 9. Bd3 Bb7 10. e4 e5 11. Ne2 O-O 12. O-O Rc8 13. Rd1 Qe7 14. b3 a5
15. Bb2 exd4 16. Nexd4 Ne5 17. Nf5 Nxf3+ 18. gxf3 Bxh2+ 19. Kxh2 Qc7+ 20.
Kh1 g6 21. Bxf6 { Black resigns } 1-0

[Event "ICC tourney 2315 (120 10)"]
[Site "Internet Chess Club"]
[Date "2021.01.16"]
[Round "1"]
[White "rockinroll"]
[Black "FlowingMelody"]
[Result "1-0"]
[ICCResult "Black checkmated"]
[WhiteElo "1804"]
[BlackElo "1356"]
[Opening "Queen's pawn, Mason variation"]
[ECO "D00"]
[NIC "QP.08"]
[Time "11:04:06"]
[PlyCount "115"]
[TimeControl "7200+10"]

1. d4 d5 2. Bf4 Nf6 3. e3 e6 4. Nf3 Bd6 5. Bg3 O-O 6. Bd3 c5 7. c3 b6 8.
Nbd2 Bb7 9. Ne5 Nc6 10. f4 Qc7 11. Bh4 Qd8 12. Bxf6 Qxf6 13. Nd7 Qh6 14.
Nxf8 Rxf8 15. Qg4 Bc8 16. Qg5 Qxg5 17. fxg5 e5 18. dxc5 Bxc5 19. e4 d4 20.
c4 Nb4 21. Ke2 Bg4+ 22. Nf3 f6 23. gxf6 Rxf6 24. Rhf1 Kf7 25. h3 Bxf3+ 26.
Rxf3 Rxf3 27. gxf3 h6 28. a3 Nxd3 29. Kxd3 g5 30. b4 Be7 31. b5 Kg6 32. a4
Kh5 33. a5 Kh4 34. axb6 axb6 35. Ra7 Bc5 36. Rc7 Bb4 37. Rc6 Ba5 38. Rxh6+
Kg3 39. Rg6 Kxf3 40. Rxg5 Kf4 41. Rf5+ Kg3 42. Rxe5 Kxh3 43. c5 bxc5 44.
Rxc5 Kg4 45. Rc6 Kf4 46. b6 Bxb6 47. Rxb6 Ke5 48. Rb5+ Kd6 49. Kxd4 Kc6 50.
Rh5 Kd6 51. Rh6+ Kd7 52. Ke5 Kc7 53. Kd5 Kd7 54. Rh7+ Kc8 55. Kd6 Kb8 56.
Kc6 Ka8 57. Kb6 Kb8 58. Rh8# { Black checkmated } 1-0

[Event "ICC tourney 2315 (120 10)"]
[Site "Internet Chess Club"]
[Date "2021.01.16"]
[Round "1"]
[White "Bearbarion"]
[Black "AJ2000"]
[Result "1-0"]
[ICCResult "Black resigns"]
[WhiteElo "1879"]
[BlackElo "1710"]
[Opening "Neo-Grünfeld, 6.cd Nxd5, 7.O-O Nb6"]
[ECO "D76"]
[NIC "KI.80"]
[Time "11:04:09"]
[PlyCount "63"]
[TimeControl "7200+10"]

1. d4 Nf6 2. c4 g6 3. Nf3 Bg7 4. g3 O-O 5. Bg2 d5 6. cxd5 Nxd5 7. O-O Nb6
8. Nc3 Nc6 9. e3 e5 10. d5 Ne7 11. e4 f5 12. Qb3 Kh8 13. Ng5 h6 14. Ne6
Bxe6 15. dxe6 c6 16. Rd1 Qc7 17. a4 fxe4 18. Bxe4 Rad8 19. Be3 Rxd1+ 20.
Rxd1 Rd8 21. Rxd8+ Qxd8 22. a5 Nbc8 23. Qxb7 Qxa5 24. Kg2 c5 25. Nd5 Nd6
26. Qb8+ Nec8 27. e7 Qa4 28. Bxg6 Qd7 29. Bxc5 Ne8 30. Be4 Nf6 31. Nxf6
Bxf6 32. Qc7 { Black resigns } 1-0

[Event "ICC tourney 2315 (120 10)"]
[Site "Internet Chess Club"]
[Date "2021.01.16"]
[Round "1"]
[White "nikhilthota"]
[Black "TigerSahi"]
[Result "1-0"]
[ICCResult "Black checkmated"]
[WhiteElo "1844"]
[BlackElo "1662"]
[Opening "English opening: Agincourt variation"]
[ECO "A13"]
[NIC "QP.09"]
[Time "11:04:08"]
[PlyCount "111"]
[TimeControl "7200+10"]

1. Nf3 d5 2. c4 e6 3. e3 c5 4. d4 Nf6 5. Be2 dxc4 6. Bxc4 Nc6 7. O-O cxd4
8. exd4 Be7 9. Nc3 O-O 10. Bf4 b6 11. d5 exd5 12. Nxd5 Bb7 13. Re1 Nxd5 14.
Bxd5 Bc5 15. Rc1 Na5 16. Bxb7 Nxb7 17. a3 a5 18. Qb3 Qf6 19. Be5 Qf5 20.
Qd5 Rab8 21. Rcd1 Rfd8 22. Qxb7 Rxb7 23. Rxd8+ Bf8 24. Rxf8+ Kxf8 25. Bd6+
Re7 26. Rxe7 g6 27. Re5+ Kg7 28. Rxf5 gxf5 29. Bc7 Kf6 30. Bxb6 a4 31. Nd4
Ke5 32. b4 axb3 33. Nxb3 Kd5 34. a4 Kc4 35. a5 Kb5 36. Nd4+ Ka6 37. Nxf5
Kb5 38. g4 f6 39. h4 Ka6 40. f4 Kb5 41. g5 fxg5 42. fxg5 Ka6 43. h5 Kb5 44.
g6 hxg6 45. hxg6 Ka6 46. g7 Kb5 47. g8=Q Ka6 48. Qc8+ Kb5 49. a6 Kxb6 50.
Qb7+ Kc5 51. a7 Kc4 52. a8=Q Kc5 53. Qd8 Kc4 54. Qbc7+ Kb4 55. Qdb8+ Ka4
56. Qca7# { Black checkmated } 1-0

[Event "ICC tourney 2315 (120 10)"]
[Site "Internet Chess Club"]
[Date "2021.01.16"]
[Round "1"]
[White "pracheth18"]
[Black "jmwgroff"]
[Result "1/2-1/2"]
[ICCResult "Game drawn by mutual agreement"]
[WhiteElo "1733"]
[BlackElo "1894"]
[Opening "Nimzo-Indian: three knights variation"]
[ECO "E21"]
[NIC "NI.26"]
[Time "11:04:10"]
[PlyCount "95"]
[TimeControl "7200+10"]

1. d4 Nf6 2. c4 e6 3. Nf3 Bb4+ 4. Nc3 b6 5. e3 Bxc3+ 6. bxc3 Bb7 7. Bd3 d6
8. O-O Nbd7 9. Re1 O-O 10. e4 e5 11. d5 Nc5 12. Bc2 Bc8 13. h3 Re8 14. Bg5
h6 15. Bh4 Qe7 16. Qe2 Ncd7 17. Ba4 Rd8 18. Bxd7 Bxd7 19. Rad1 Kh8 20. Bxf6
Qxf6 21. Nd2 Rf8 22. Nf1 Qg5 23. Rd3 f5 24. exf5 Bxf5 25. Rg3 Qh4 26. Nd2
Rae8 27. Ne4 Re7 28. Rf3 Ref7 29. Nd2 Bh7 30. Rxf7 Rxf7 31. Qe3 Qf6 32. Qf3
Qg6 33. Qd1 a5 34. Re3 Kg8 35. Qa4 Re7 36. c5 dxc5 37. Ne4 Qe8 38. Qd1 Bxe4
39. Rxe4 Qd7 40. c4 c6 41. f4 cxd5 42. cxd5 exf4 43. Rxe7 Qxe7 44. d6 Qd7
45. Qb3+ Kf8 46. Qxb6 c4 47. Qc7 Ke8 48. Qb8+ { Game drawn by mutual
agreement } 1/2-1/2

[Event "ICC tourney 2315 (120 10)"]
[Site "Internet Chess Club"]
[Date "2021.01.16"]
[Round "1"]
[White "ybabji"]
[Black "Han366"]
[Result "1-0"]
[ICCResult "Black resigns"]
[WhiteElo "1873"]
[BlackElo "1700"]
[Opening "French: exchange variation"]
[ECO "C01"]
[NIC "FR.01"]
[Time "11:04:07"]
[PlyCount "79"]
[TimeControl "7200+10"]

1. e4 e6 2. d4 d5 3. exd5 exd5 4. Nc3 Nf6 5. Bd3 c5 6. Bb5+ Bd7 7. Nf3 a6
8. Bxd7+ Nbxd7 9. O-O Be7 10. Re1 O-O 11. dxc5 Nxc5 12. Bg5 b5 13. Rxe7
Qxe7 14. Nxd5 Qe6 15. Bxf6 gxf6 16. Qd4 Nd7 17. Nc7 Qc6 18. Nxa8 Rxa8 19.
Re1 Nf8 20. Qg4+ Kh8 21. Qf5 Rd8 22. h3 Ng6 23. c3 Rd5 24. Qe4 Qd6 25. a4
Nf4 26. axb5 Rxb5 27. c4 Rxb2 28. Qe8+ Kg7 29. Re7 Rb1+ 30. Ne1 Rxe1+ 31.
Rxe1 Ne6 32. Re3 Qd1+ 33. Kh2 Qf1 34. Rg3+ Ng5 35. h4 Qxf2 36. hxg5 Qf4 37.
Qe3 Qh4+ 38. Kg1 Qxc4 39. gxf6+ Kxf6 40. Qg5+ { Black resigns } 1-0

[Event "ICC tourney 2315 (120 10)"]
[Site "Internet Chess Club"]
[Date "2021.01.16"]
[Round "1"]
[White "Niteshc"]
[Black "HarleyQueen8"]
[Result "1/2-1/2"]
[ICCResult "Game drawn because neither player has mating material"]
[WhiteElo "1672"]
[BlackElo "1858"]
[Opening "Sicilian: Smith-Morra gambit"]
[ECO "B21"]
[NIC "SI.47"]
[Time "11:04:05"]
[PlyCount "124"]
[TimeControl "7200+10"]

1. e4 c5 2. d4 cxd4 3. c3 Nf6 4. e5 Nd5 5. Nf3 Nc6 6. Bc4 e6 7. cxd4 d6 8.
O-O Be7 9. Nc3 Nxc3 10. bxc3 dxe5 11. dxe5 Qc7 12. Re1 O-O 13. Bd3 b6 14.
Ng5 h6 15. Qh5 Bb7 16. Bh7+ Kh8 17. Nxf7+ Rxf7 18. Bg6 Rf5 19. Bxf5 exf5
20. Bxh6 Bc5 21. Be3+ Kg8 22. Bxc5 bxc5 23. Qxf5 Rf8 24. Qe6+ Rf7 25. Qd6
Qxd6 26. exd6 Rd7 27. Rab1 Ba6 28. Rbd1 Kf8 29. Rd5 Nd8 30. Re7 Rxe7 31.
dxe7+ Kxe7 32. Rxc5 Kd6 33. Ra5 Bc4 34. Rxa7 Ne6 35. f3 Kc6 36. Kf2 Kb6 37.
Re7 Bxa2 38. Ke3 Kc5 39. f4 g6 40. g4 Kd6 41. Ra7 Bb1 42. Ra6+ Ke7 43. Rb6
Bc2 44. Rb4 Bd1 45. f5 gxf5 46. gxf5 Ng7 47. Kf4 Bc2 48. Rb7+ Kf6 49. Rb6+
Kf7 50. Kg5 Be4 51. Rf6+ Kg8 52. h4 Bd3 53. h5 Ne8 54. Rg6+ Kh7 55. f6 Bc4
56. Kf5 Bd3+ 57. Ke6 Bxg6 58. hxg6+ Kxg6 59. f7 Ng7+ 60. Kd7 Kxf7 61. c4
Ne6 62. c5 Nxc5+ { Game drawn because neither player has mating material }
1/2-1/2

[Event "ICC tourney 2315 (120 10)"]
[Site "Internet Chess Club"]
[Date "2021.01.16"]
[Round "1"]
[White "mnm1"]
[Black "awakeflood"]
[Result "1-0"]
[ICCResult "Black checkmated"]
[WhiteElo "1508"]
[BlackElo "1804"]
[Opening "French: Tarrasch, closed variation"]
[ECO "C05"]
[NIC "FR.16"]
[Time "11:04:19"]
[PlyCount "125"]
[TimeControl "7200+10"]

1. e4 e6 2. d4 d5 3. Nd2 Nf6 4. e5 Nfd7 5. f4 c5 6. c3 Nc6 7. Ndf3 Qb6 8.
Ne2 f6 9. g3 cxd4 10. cxd4 Bb4+ 11. Bd2 O-O 12. Bh3 Kh8 13. Bxb4 Qxb4+ 14.
Qd2 fxe5 15. dxe5 Nc5 16. Qxb4 Nxb4 17. O-O b6 18. Ned4 Ba6 19. Rfd1 Rfc8
20. a3 Nc2 21. Rac1 Ne3 22. Re1 Nc4 23. Rc2 Nd3 24. Rb1 Ncxb2 25. Rbxb2
Nxb2 26. Rxb2 Rc1+ 27. Kf2 Rc3 28. Bxe6 Bc4 29. Nf5 g6 30. Nd6 Kg7 31. Nd2
Rxa3 32. N2xc4 dxc4 33. Bxc4 Kf8 34. Bd5 Rd8 35. Rc2 Rd3 36. Ba2 b5 37. Ke2
R3xd6 38. exd6 Rxd6 39. Rc8+ Ke7 40. Rc7+ Rd7 41. Rxd7+ Kxd7 42. Kd3 Ke7
43. Kd4 Kf6 44. g4 h5 45. h3 hxg4 46. hxg4 a6 47. Kc5 Ke7 48. Kb6 Kd6 49.
Kxa6 Kc5 50. Ka5 b4 51. Ka4 Kd4 52. f5 b3 53. Bxb3 gxf5 54. gxf5 Ke5 55.
Be6 Kf6 56. Kb5 Kg7 57. Kc6 Kf6 58. Kd6 Kg7 59. Ke7 Kh8 60. f6 Kh7 61. f7
Kg7 62. f8=Q+ Kh7 63. Bf5# { Black checkmated } 1-0

[Event "ICC tourney 2315 (120 10)"]
[Site "Internet Chess Club"]
[Date "2021.01.16"]
[Round "1"]
[White "DanielA1926"]
[Black "Pifischer"]
[Result "1/2-1/2"]
[ICCResult "Game drawn by mutual agreement"]
[WhiteElo "1771"]
[BlackElo "1952"]
[Opening "Nimzo-Indian: Leningrad variation"]
[ECO "E30"]
[NIC "NI.25"]
[Time "11:04:03"]
[PlyCount "69"]
[TimeControl "7200+10"]

1. d4 Nf6 2. c4 e6 3. Bg5 Bb4+ 4. Nc3 h6 5. Bh4 g5 6. Bg3 Ne4 7. Qc2 f5 8.
Be5 O-O 9. e3 d6 10. Bg3 Nd7 11. O-O-O Bxc3 12. bxc3 b6 13. Bd3 Bb7 14. f3
Nxg3 15. hxg3 Kg7 16. Ne2 Qf6 17. e4 a5 18. exf5 exf5 19. d5 Nc5 20. Nd4
Bc8 21. f4 Bd7 22. Rh5 Ba4 23. Nb3 Nxd3+ 24. Qxd3 Bxb3 25. axb3 Rae8 26.
fxg5 hxg5 27. Rdh1 Rh8 28. Rxh8 Rxh8 29. Rxh8 Kxh8 30. Qe3 Qe5 31. Qd4 Kg7
32. g4 fxg4 33. Qxe5+ dxe5 34. g3 Kf6 35. Kd2 { Game drawn by mutual
agreement } 1/2-1/2

[Event "ICC tourney 2315 (120 10)"]
[Site "Internet Chess Club"]
[Date "2021.01.16"]
[Round "1"]
[White "Deveshc"]
[Black "imranchamp"]
[Result "1/2-1/2"]
[ICCResult "Game drawn by mutual agreement"]
[WhiteElo "1529"]
[BlackElo "1826"]
[Opening "Sicilian: Smith-Morra gambit"]
[ECO "B21"]
[NIC "SI.48"]
[Time "11:04:10"]
[PlyCount "95"]
[TimeControl "7200+10"]

1. e4 c5 2. d4 cxd4 3. c3 d5 4. exd5 Qxd5 5. Nf3 Nc6 6. cxd4 e6 7. a3 Nf6
8. Nc3 Qd6 9. Nb5 Qb8 10. g3 Bd6 11. Bg2 O-O 12. O-O a6 13. Nxd6 Qxd6 14.
Bf4 Qd8 15. Rc1 h6 16. Qd2 Nd5 17. b4 Nxf4 18. Qxf4 Ne7 19. Rfd1 Nd5 20.
Qd2 Bd7 21. Ne5 Ba4 22. Re1 Rb8 23. Qa2 Qb6 24. Bxd5 exd5 25. Qxd5 Rbd8 26.
Qc5 Qd6 27. Qxd6 Rxd6 28. Rc7 Rxd4 29. Rxb7 Re8 30. Re3 f6 31. Nf3 Rxe3 32.
fxe3 Rd3 33. Kf2 Rxa3 34. Rb8+ Kh7 35. Rd8 Rb3 36. Rd4 Bb5 37. Nd2 Rc3 38.
Ne4 Rc2+ 39. Rd2 Rc4 40. Rd4 Rc2+ 41. Rd2 Rc1 42. h4 Rf1+ 43. Kg2 Rb1 44.
Rd4 Rb3 45. Kf2 Rb2+ 46. Nd2 Rc2 47. Kf3 Bc6+ 48. Kf2 { Game drawn by
mutual agreement } 1/2-1/2

[Event "ICC tourney 2315 (120 10)"]
[Site "Internet Chess Club"]
[Date "2021.01.16"]
[Round "1"]
[White "ibalek"]
[Black "JunlinTheWorld"]
[Result "0-1"]
[ICCResult "White forfeits on time"]
[WhiteElo "1652"]
[BlackElo "1837"]
[Opening "Sicilian: dragon, 6.Be3"]
[ECO "B72"]
[NIC "SI.16"]
[Time "11:04:09"]
[PlyCount "106"]
[TimeControl "7200+10"]

1. e4 c5 2. Nf3 d6 3. d4 cxd4 4. Nxd4 Nf6 5. Nc3 g6 6. Be3 Bg7 7. Qd2 Ng4
8. Bg5 Qb6 9. Nb3 Be6 10. f3 Ne5 11. O-O-O Nbd7 12. Be3 Qd8 13. Bh6 O-O 14.
Bxg7 Kxg7 15. h3 Qb6 16. f4 Nc4 17. Bxc4 Bxc4 18. g4 a5 19. h4 a4 20. Nd4
Nf6 21. Rdg1 Qc5 22. h5 b5 23. g5 Nd7 24. hxg6 hxg6 25. Qh2 Rh8 26. Qd2 b4
27. Nd5 Bxd5 28. exd5 Qxd5 29. Rxh8 Rxh8 30. Qxb4 Qxa2 31. Qa3 Qc4 32. Qc3
Qxc3 33. bxc3 Nb6 34. f5 Nc4 35. fxg6 Kxg6 36. Kb1 Rb8+ 37. Ka1 Rc8 38. Nb5
Rc5 39. Rg4 Ne3 40. Rg3 Nxc2+ 41. Kb2 Rxb5+ 42. Kxc2 Rxg5 43. Re3 e6 44.
Re4 Ra5 45. Kb2 a3+ 46. Ka2 e5 47. c4 f5 48. Re3 f4 49. Rd3 Ra6 50. c5 dxc5
51. Rd5 Kf5 52. Rxc5 f3 53. Rc8 f2 { White forfeits on time } 0-1

[Event "ICC tourney 2315 (120 10)"]
[Site "Internet Chess Club"]
[Date "2021.01.16"]
[Round "1"]
[White "alexdora"]
[Black "Boldmann"]
[Result "1-0"]
[ICCResult "Black resigns"]
[WhiteElo "1950"]
[BlackElo "1756"]
[Opening "French: Two knights variation"]
[ECO "C00"]
[NIC "FR.01"]
[Time "11:04:34"]
[PlyCount "81"]
[TimeControl "7200+10"]

1. e4 e6 2. Nf3 d5 3. Nc3 d4 4. Ne2 c5 5. c3 dxc3 6. bxc3 Nc6 7. Ng3 Bd6 8.
Bb5 Bd7 9. O-O a6 10. Be2 h5 11. Re1 h4 12. Nf1 h3 13. g3 Nf6 14. d3 Qc7
15. Bg5 O-O-O 16. d4 Nxe4 17. Bxd8 Rxd8 18. Qc2 f5 19. Bd3 Nf6 20. Ng5 Re8
21. Bc4 e5 22. Bf7 Re7 23. d5 Nd8 24. Be6 Nxe6 25. dxe6 Bxe6 26. Nxe6 Rxe6
27. Qxf5 Qe7 28. Ne3 Kb8 29. Rad1 Bc7 30. Qxh3 Rb6 31. Nd5 Nxd5 32. Rxd5
Rh6 33. Qg4 Qf7 34. Rd7 Qxa2 35. Qxg7 Rxh2 36. Qf8+ Ka7 37. Kxh2 Ba5 38.
Qf3 e4 39. Rxe4 Bxc3 40. Ree7 Kb6 41. Rxb7+ { Black resigns } 1-0

[Event "ICC tourney 2315 (120 10)"]
[Site "Internet Chess Club"]
[Date "2021.01.16"]
[Round "1"]
[White "kingannihilator"]
[Black "bg26723"]
[Result "1/2-1/2"]
[ICCResult "Game drawn by mutual agreement"]
[WhiteElo "1756"]
[BlackElo "1917"]
[Opening "QGD: Neo-orthodox variation, 7.Bxf6"]
[ECO "D55"]
[NIC "QO.14"]
[Time "11:04:09"]
[PlyCount "153"]
[TimeControl "7200+10"]

1. d4 d5 2. c4 e6 3. Nc3 Nf6 4. Bg5 Be7 5. Nf3 O-O 6. e3 h6 7. Bxf6 Bxf6 8.
Bd3 b6 9. cxd5 exd5 10. Rc1 Ba6 11. O-O Bxd3 12. Qxd3 c6 13. b4 Qd6 14. b5
Rd8 15. Rfd1 a6 16. bxc6 Nxc6 17. Na4 Na5 18. Rb1 Nc4 19. Nd2 b5 20. Nc5
Qc6 21. Nxc4 bxc4 22. Qc2 Be7 23. Na4 Rab8 24. Nc3 Bb4 25. Rb2 Rb7 26. Rdb1
Rdb8 27. Qa4 Bxc3 28. Qxc6 Bxb2 29. Qxd5 Rc7 30. Qe5 Rcc8 31. Qe4 c3 32.
Qc2 a5 33. Kf1 a4 34. e4 a3 35. d5 Rb4 36. Rd1 f6 37. d6 Rd8 38. Qd3 Rb6
39. Qc4+ Kh7 40. d7 Rb7 41. Qc8 Rb8 42. Qc7 Ra8 43. Ke2 h5 44. Rd3 g6 45.
Kd1 Kg7 46. Qb7 Kf7 47. Qxa8 Rxa8 48. d8=Q Rxd8 49. Rxd8 Ke7 50. Rc8 Ke6
51. Kc2 Ke5 52. f3 g5 53. Rc6 h4 54. Rc5+ Ke6 55. Rd5 Kf7 56. g3 hxg3 57.
hxg3 Ke6 58. f4 gxf4 59. gxf4 Kf7 60. f5 Ke7 61. Rd3 Kf7 62. Rd7+ Ke8 63.
Rd5 Ke7 64. Ra5 Kd6 65. Ra6+ Ke5 66. Re6+ Kf4 67. Re7 Kg5 68. Rh7 Kf4 69.
Rh4+ Kg5 70. Rh1 Kf4 71. Re1 Ke5 72. Re2 Kd6 73. Kd3 Ke5 74. Rc2 Ba1 75.
Rg2 Kf4 76. Rg8 Bb2 77. Rg2 { Game drawn by mutual agreement } 1/2-1/2

[Event "ICC tourney 2315 (120 10)"]
[Site "Internet Chess Club"]
[Date "2021.01.16"]
[Round "1"]
[White "fleshlumpeater"]
[Black "spideydavey"]
[Result "1-0"]
[ICCResult "Black checkmated"]
[WhiteElo "1966"]
[BlackElo "1802"]
[Opening "Benoni: Taimanov variation"]
[ECO "A67"]
[NIC "BI.33"]
[Time "11:04:32"]
[PlyCount "73"]
[TimeControl "7200+10"]

1. d4 Nf6 2. c4 c5 3. d5 e6 4. Nc3 exd5 5. cxd5 d6 6. e4 g6 7. f4 Bg7 8.
Bb5+ Nfd7 9. a4 O-O 10. Nf3 Na6 11. O-O Nb4 12. Re1 a6 13. Bf1 Nf6 14. h3
Re8 15. Bc4 Nd7 16. Be3 f5 17. Ng5 Nb6 18. Bf1 h6 19. Ne6 Bxe6 20. dxe6 Qe7
21. a5 Nc8 22. exf5 gxf5 23. Bf2 Na7 24. Nd5 Nxd5 25. Qxd5 Nc6 26. Qxf5
Bxb2 27. Rab1 Bg7 28. Bd3 Qf6 29. Qh7+ Kf8 30. Rxb7 Re7 31. Rxe7 Qxe7 32.
Bg6 Rb8 33. Bf7 Qf6 34. Qd3 Qxf4 35. g3 Nb4 36. Qd1 Qf5 37. Qxd6# { Black
checkmated } 1-0

[Event "ICC tourney 2315 (120 10)"]
[Site "Internet Chess Club"]
[Date "2021.01.16"]
[Round "1"]
[White "joeandjoe56"]
[Black "Arsalchess"]
[Result "1-0"]
[ICCResult "Black resigns"]
[WhiteElo "1722"]
[BlackElo "1882"]
[Opening "Ruy Lopez: Marshall counter-attack, 11...c6"]
[ECO "C89"]
[NIC "RL.17"]
[Time "11:04:19"]
[PlyCount "155"]
[TimeControl "7200+10"]

1. e4 e5 2. Nf3 Nc6 3. Bb5 a6 4. Ba4 Nf6 5. O-O Be7 6. Re1 b5 7. Bb3 O-O 8.
c3 d5 9. exd5 Nxd5 10. Nxe5 Nxe5 11. Rxe5 c6 12. d3 Bd6 13. Re1 Bf5 14. Nd2
Nf4 15. Ne4 Nxd3 16. Bg5 Qd7 17. Re3 Bxe4 18. Rxe4 c5 19. Bc2 f5 20. Qxd3
fxe4 21. Qxe4 g6 22. Rd1 Qf7 23. Be3 Rae8 24. Qh4 c4 25. Be4 Rd8 26. Bd4
Be5 27. f3 Bxd4+ 28. cxd4 Qf6 29. Qxf6 Rxf6 30. Kf2 Kf7 31. Ke3 Ke7 32. Rc1
Rfd6 33. d5 Rxd5 34. Bxd5 Rxd5 35. b3 cxb3 36. axb3 Kd6 37. b4 Rh5 38. h3
Rh4 39. Rb1 Kd5 40. Kd3 Rd4+ 41. Kc3 Rc4+ 42. Kd3 Ke5 43. g3 g5 44. Rb3 h5
45. Ke3 h4 46. g4 Rf4 47. Ra3 Rxb4 48. Rxa6 Rb3+ 49. Ke2 b4 50. Ra5+ Kf4
51. Rf5+ Kg3 52. Rxg5 Rxf3 53. Rb5 b3 54. g5 b2 55. g6 Rf5 56. g7 Rxb5 57.
g8=Q+ Kh2 58. Qf7 Rg5 59. Qc7+ Rg3 60. Qb7 Rg1 61. Qc7+ Kxh3 62. Qd7+ Kh2
63. Qd6+ Rg3 64. Qb4 h3 65. Kf2 Rg1 66. Qf4+ Kh1 67. Qe4+ Rg2+ 68. Kf3 Rg1
69. Ke3+ Kh2 70. Qe5+ Kh1 71. Qxb2 h2 72. Kf3 Rg8 73. Qc1+ Rg1 74. Qd2 Rg7
75. Qd4 Rg8 76. Qd5 Rg5 77. Qe4 Rg4 78. Kxg4+ { Black resigns } 1-0

[Event "ICC tourney 2315 (120 10)"]
[Site "Internet Chess Club"]
[Date "2021.01.16"]
[Round "1"]
[White "kittycat35"]
[Black "bonnelleo1"]
[Result "0-1"]
[ICCResult "White resigns"]
[WhiteElo "1696"]
[BlackElo "1871"]
[Opening "French: exchange variation"]
[ECO "C01"]
[NIC "FR.01"]
[Time "11:04:09"]
[PlyCount "150"]
[TimeControl "7200+10"]

1. e4 e6 2. d4 d5 3. exd5 exd5 4. Nf3 Nc6 5. Nc3 Nf6 6. Bb5 a6 7. Ba4 b5 8.
Bb3 Bg4 9. Be3 Bb4 10. a3 Bxc3+ 11. bxc3 Ne4 12. Qd3 O-O 13. Nd2 Re8 14.
Nxe4 dxe4 15. Qd2 Na5 16. h3 Nxb3 17. cxb3 Be6 18. Rb1 Qd5 19. O-O Rad8 20.
Rfc1 Qd7 21. Qe2 Qd6 22. b4 Bc4 23. Qd2 Qg6 24. Re1 Be6 25. Kh2 Bd5 26. Ra1
Qc6 27. Qc2 Rd6 28. a4 Rg6 29. axb5 axb5 30. Ra5 Qc4 31. Rea1 Rc6 32. Ra8
Kf8 33. Rxe8+ Kxe8 34. Ra3 Rg6 35. Qc1 f5 36. g3 Qe2 37. Qd2 Qf3 38. Qe1
Kd7 39. Ra5 f4 40. Rxb5 Bc6 41. Rc5 fxe3 42. fxe3 Kd8 43. b5 Bd7 44. Rd5
Rh6 45. h4 Rf6 46. c4 Kc8 47. Re5 Rf5 48. Rxf5 Qxf5 49. Kg1 Qf3 50. Qa5
Qxg3+ 51. Kh1 Qxh4+ 52. Kg1 Qg3+ 53. Kh1 Qf3+ 54. Kh2 Qh3+ 55. Kg1 Qxe3+
56. Kh1 Qc1+ 57. Kh2 Qc2+ 58. Kh1 Qd1+ 59. Kh2 Qe2+ 60. Kh1 Qf3+ 61. Kh2
Qf4+ 62. Kh1 Qh4+ 63. Kg1 Qg5+ 64. Kh1 Qh6+ 65. Kg1 Qg6+ 66. Kh1 Kd8 67.
Qa8+ Ke7 68. Qd5 Qh6+ 69. Kg1 Qe3+ 70. Kh1 Qf3+ 71. Kg1 Qf5 72. Qa8 Qg4+
73. Kh1 Qd1+ 74. Kh2 Qxd4 75. Qg8 h6 { White resigns } 0-1